 Dungeon Crawl Stone Soup version 0.29.1-2-gbd0b4ee654 (webtiles) character file.

Game seed: 5128077137166132418

97 qeuew the Chopper (level 4, -4/27 HPs)
             Began as a Demonspawn Wanderer on Nov 3, 2022.
             Engulfed by a cloud of flame (18 damage)
             ... on level 2 of the Dungeon.
             The game lasted 00:02:37 (1845 turns).

qeuew the Chopper (Demonspawn Wanderer)             Turns: 1845, Time: 00:02:37

Health: -4/27      AC: 11    Str: 19    XL:     4   Next: 42%
Magic:  4/4        EV:  7    Int: 12    God:
Gold:   144        SH:  0    Dex:  9    Spells: 3/3 levels left

rFire   . . .      SeeInvis .   a - +0 hand axe
rCold   . . .      Faith    .   (no shield)
rNeg    . . .      Spirit   .   b - +0 chain mail
rPois   .          Reflect  .   (helmet restricted)
rElec   +          Harm     .   (no cloak)
rCorr   .          Rampage  .   (no gloves)
Will    .....                   (no boots)
Stlth   ..........              (no amulet)
HPRegen 0.09/turn               (no ring)
MPRegen 0.09/turn               (no ring)

@: no status effects
A: hooves 1, slimy green scales 1, powered by death 1, horns 1, frail 1,
electricity resistance
a: no special abilities


You were on level 2 of the Dungeon.
You visited 1 branch of the dungeon, and saw 2 of its levels.

You collected 144 gold pieces.

Inventory:

Hand Weapons
 a - a +0 hand axe (weapon)
Armour
 b - a +0 chain mail (worn)
Scrolls
 c - a scroll of teleportation
 d - 2 scrolls of fear
Potions
 g - a potion of mutation
 i - a potion of might


   Skills:
 + Level 0.9 Fighting
 + Level 5.4 Axes
 * Level 3.5 Armour
 + Level 0.2 Dodging
 - Level 1.0 Stealth
 - Level 1.2 Invocations


You had 3 spell levels left.
You didn't know any spells.
Your spell library contained the following spells:

 Spells                   Type           Power      Damage    Failure   Level
 Beastly Appendage        Tmut           0%         N/A       98%         1
 Wereblood                Tmut           0%         N/A       99%         2
 Call Canine Familiar     Summ           0%         N/A       100%        3
 Portal Projectile        Hex/Tloc       0%         N/A       100%        3
 Spider Form              Tmut/Pois      0%         N/A       100%        3
 Leda's Liquefaction      Hex/Erth       0%         N/A       100%        4


Dungeon Overview and Level Annotations

Branches:
Dungeon (2/15)

Altars:


Innate Abilities, Weirdness & Mutations

You have large cloven feet.
You are partially covered in slimy green scales. (AC +2)
You regenerate a little health from kills.
You have a pair of small horns on your head.
You are frail. (-10% HP)
You are resistant to electric shocks. (rElec)


Message History

You feel forgetful for a moment.
You drop a scroll of amnesia.
It was a potion of lignification.
You turn into a tree.
Your +0 chain mail melds into your body.
Your roots penetrate the ground.
(D) Dungeon
Where to? (Enter - D:2, ? - help)
What level of the Dungeon? (default 1, ? - help)
You cannot move.
You start waiting.
A rat is nearby!
You hit the rat.
You kill the rat!
You cannot move.
You cannot move.
You start waiting.
Your transformation is almost over.
HP restored.
You feel less wooden.
Your +0 chain mail unmelds from your body.
(D) Dungeon
Where to? (Enter - D:3, ? - help)
Okay, then.
Found 8 gold pieces.
You see here a rat corpse.
Found 6 gold pieces.
Really walk into a travel-excluded area? [Y]es or [N]o only, please.
Really walk into a travel-excluded area? [Y]es or [N]o only, please.
Really walk into a travel-excluded area?
Okay, then.
Really walk into a travel-excluded area?
Found 11 gold pieces.
Really walk into that cloud of flame?
You are engulfed in blazing flames.
You see here 16 gold pieces.
You are engulfed in blazing flames.
Ouch! That really hurt!
You die...

###.# #..# #########.#..
....####..#
##...........#
##..†.)...#
#..####.##.###
##.####.## #...# ####.#
#.# #.## #☼.§# #.# #.#
#..## #..§# #.#
###.####...## #§§§#
#.###
............#######...##
#....
......##...###.☼@§.[$..§
#####
##.##.##..###..§§§..$...
..#
#.##.#....?†..°§§.$$$..
##.#
#.##.##..##.######...##
..# #.##.###†##.# §.§#
#.# #.##.##..##.# §§#
#.# #.##.##.###.# .# #..
#.##.##.# #.# .# #.#
#.##.##.# #.###
#.#####.#


There were no monsters in sight!

Vanquished Creatures
  Robin (D:2)
  2 gnolls (D:1)
  2 adders (D:2)
  2 dart slugs
  4 bats (D:1)
  3 endoplasms (D:1)
  A giant cockroach (D:2)
  7 goblins
  7 hobgoblins
  3 quokkas
  3 ball pythons
  2 frilled lizards
  4 kobolds
  2 rats
43 creatures vanquished.

Notes
Turn   | Place    | Note
-------+----------+-------------------------------------------
     0 | D:1      | qeuew the Demonspawn Wanderer began the quest for the Orb.
     0 | D:1      | qeuew set off with the following items: a +0 hand axe, a +0
                  | chain mail, a scroll of teleportation, a scroll of fear.
     0 | D:1      | Reached XP level 1. HP: 13/13 MP: 1/1
   104 | D:1      | Gained mutation: You are partially covered in slimy green
                  | scales. (AC +2) [demonic ancestry]
   104 | D:1      | Reached XP level 2. HP: 19/19 MP: 2/2
   549 | D:1      | Reached skill level 5 in Axes
   710 | D:1      | Gained mutation: You have large cloven feet. [demonic
                  | ancestry]
   710 | D:1      | Reached XP level 3. HP: 24/24 MP: 3/3
  1315 | D:1      | Gained mutation: You are frail. (-10% HP) [potion of
                  | mutation]
  1315 | D:1      | Gained mutation: You have a pair of small antennae on your
                  | head. [potion of mutation]
  1315 | D:1      | Gained mutation: Your mind is acute. (Int +4, Str/Dex -1)
                  | [potion of mutation]
  1317 | D:1      | Lost mutation: You have a pair of small antennae on your
                  | head. [potion of mutation]
  1317 | D:1      | Lost mutation: Your mind is acute. (Int +4, Str/Dex -1)
                  | [potion of mutation]
  1317 | D:1      | Gained mutation: You have a pair of small horns on your
                  | head. [potion of mutation]
  1317 | D:1      | Gained mutation: You sometimes lose your temper in combat.
                  | [potion of mutation]
  1317 | D:1      | Gained mutation: Your natural rate of healing is unusually
                  | fast. [potion of mutation]
  1318 | D:1      | Lost mutation: Your natural rate of healing is unusually
                  | fast. [potion of mutation]
  1318 | D:1      | Lost mutation: You sometimes lose your temper in combat.
                  | [potion of mutation]
  1318 | D:1      | Gained mutation: You are resistant to electric shocks.
                  | (rElec) [potion of mutation]
  1345 | D:2      | Noticed Robin
  1363 | D:2      | Killed Robin
  1467 | D:2      | Gained mutation: You regenerate a little health from kills.
                  | [demonic ancestry]
  1467 | D:2      | Reached XP level 4. HP: 26/27 MP: 4/4
  1845 | D:2      | Engulfed by a cloud of flame

Illustrated notes

Levels and vault maps discovered:
D:1:      heliophobic_arrival_enchanted_forest, layout_basic
D:2:      layout_loops_ring, lemuel_flame_loot_1, uniq_robin

Skill      XL: |  1  2 |
---------------+-------+-----
Axes           | 5 |  5.4
Armour         | 3 |  3.5
Fighting       | |  0.9
Dodging        | |  0.2
Stealth        | |  1.0
Invocations    | |  1.2

Action                   |  1- 3 |  4- 6 || total
-------------------------+-------+-------++-------
Melee: Hand axe          |   107 |    27 ||   134
       Kick              |    14 |     6 ||    20
       Headbutt          |     4 |     1 ||     5
       Punch             |     1 |     1 ||     2
  Use: Potion            |     6 |     1 ||     7
       Scroll            |     2 |     2 ||     4
Armor: Chain mail        |    80 |    17 ||    97
Dodge: Dodged            |    47 |     8 ||    55
